 Dungeon Crawl Stone Soup version 0.21-a0-509-gecc5317 (webtiles) character file.

34 slep the Chopper (level 3, 0/30 HPs)
             Began as a Hill Orc Gladiator on Dec 1, 2017.
             Slain by a leopard gecko (5 damage)
             ... on level 1 of the Dungeon.
             The game lasted 00:02:55 (292 turns).

slep the Chopper (Hill Orc Gladiator)                Turns: 292, Time: 00:02:55

Health: 0/30       AC:  4    Str: 16    XL:     3   Next: 31%
Magic:  3/3        EV: 12    Int:  8    God:
Gold:   14         SH:  0    Dex: 13    Spells: 2/2 levels left

rFire    . . .     SeeInvis .   a - +0 war axe
rCold    . . .     Gourm    .   (no shield)
rNeg     . . .     Faith    .   b - +0 leather armour
rPois    .         Spirit   .   c - +0 helmet
rElec    .         Reflect  .   (no cloak)
rCorr    .         Harm     .   (no gloves)
MR       .....                  (no boots)
Stlth    +.........             (no amulet)
HPRegen  0.10/turn              (no ring)
MPRegen  0.08/turn              (no ring)

@: no status effects
A: no striking features
a: no special abilities


You were on level 1 of the Dungeon.
You were not hungry.

You visited 1 branch of the dungeon, and saw 1 of its levels.

You collected 14 gold pieces.

Inventory:

Hand Weapons
 a - a +0 war axe (weapon)
Missiles
 d - 3 throwing nets (quivered)
Armour
 b - a +0 leather armour (worn)
 c - a +0 helmet (worn)
Scrolls
 g - a scroll of enchant armour {unknown}
 h - a scroll of enchant weapon {unknown}
 i - a scroll of teleportation {unknown}
 j - 2 scrolls of remove curse {unknown}
 l - 2 scrolls of identify {unknown}
Potions
 e - a potion of degeneration {unknown}
Comestibles
 f - a bread ration
 k - 4 chunks of flesh


   Skills:
 + Level 2.5 Fighting
 + Level 4.8 Axes
 + Level 1.8 Throwing
 + Level 0.3 Armour
 + Level 2.9 Dodging


You had 2 spell levels left.
You didn't know any spells.

Dungeon Overview and Level Annotations

Branches:
Dungeon (1/15)

Altars:


Message History

You closely miss the goblin. You hit the goblin.
The leopard gecko closely misses you. The goblin hits you but does no damage.
The goblin hits you.
* * * LOW HITPOINT WARNING * * *
The leopard gecko hisses menacingly.
The leopard gecko barely misses you.
The leopard gecko bites you but does no damage.
The goblin closely misses you. The goblin hits you but does no damage.
The leopard gecko closely misses you. The goblin barely misses you.
You barely miss the goblin. You slash the goblin!
You kill the goblin!
You closely miss the leopard gecko. The leopard gecko bites you.
* * * LOW HITPOINT WARNING * * *
The goblin closely misses you. The leopard gecko bites you.
* * * LOW HITPOINT WARNING * * *
The goblin barely misses you.
You see here a short sword.
The leopard gecko bites you.
You die...

.. #####.##....#
#.........#[#.#..#....##
................##....##
..........##.....#...##.
..........#.....##.#..#.
.>........##....)..#..#.
..........#..#.#)#......
#.........##.#####.##..#
#......@................
.......)l.(..#..........
.....%..g...##..........
..........†..#........#.
..........#...####....#.
..........##..# ###..#.
#........## #..#
##=.....## ...# ########
.#...


You could see a leopard gecko and a goblin.

Vanquished Creatures
  2 dart slugs (D:1)
  2 giant cockroaches (D:1)
  7 goblins (D:1)
  3 hobgoblins (D:1)
  3 jackals (D:1)
  3 bats (D:1)
  2 frilled lizards (D:1)
  4 kobolds (D:1)
  2 rats (D:1)
28 creatures vanquished.

Notes
Turn   | Place    | Note
-------+----------+-------------------------------------------
     0 | D:1      | slep the Hill Orc Gladiator began the quest for the Orb.
     0 | D:1      | Reached XP level 1. HP: 18/18 MP: 1/1
   112 | D:1      | Reached XP level 2. HP: 25/25 MP: 2/2
   246 | D:1      | Reached XP level 3. HP: 22/30 MP: 3/3
   292 | D:1      | Slain by a leopard gecko

Vault maps used:
D:1:      minmay_arrival_jagged, minmay_octomino_e4

Action                   || total
-------------------------++-------
Melee: War axe           ||    53
Armor: Leather armour    ||    20
Dodge: Dodged            ||    49

Table legend:
 A = Spawn XP
 B = Non-spawn XP
 C = Spawn XP percentage of total XP
 D = Spawn monster count
 E = Non-spawn monster count
 F = Spawn count percentage of total count
 G = Total turns spent on level
                    A         B        C        D         E        F      G
               +---------+---------+-------+---------+---------+-------+---------
         Total |       0 |      49 |   0.0 |       0 |      28 |   0.0 |   292
               +---------+---------+-------+---------+---------+-------+---------
           D:1 |       0 |      49 |   0.0 |       0 |      28 |   0.0 |   292
               +---------+---------+-------+---------+---------+-------+---------
